 Dungeon Crawl Stone Soup version 0.27.1-1-g398f81649c (webtiles) character file.

Game seed: 8581484364770897923

94 T3K the Magician (level 4, -2/31 HPs)
             Began as a Djinni Hedge Wizard on Sept 9, 2021.
             Was an Initiate of Ashenzari.
             Slain by a scorpion (7 damage)
             ... on level 4 of the Dungeon.
             The game lasted 00:11:07 (4690 turns).

T3K the Magician (Djinni Hedge Wizard)              Turns: 4690, Time: 00:11:07

Health: -2/31      AC:  5    Str:  9    XL:     4   Next: 94%
Gold:   95         EV: 12    Int: 16    God:    Ashenzari [......] SH:  0 Dex: 13

rFire    . . .     SeeInvis .   a - +0 dagger
rCold    + . .     Faith    .   (no shield)
rNeg     . . .     Spirit   .   b - +0 robe
rPois    ∞         Reflect  .   c - +2 hat
rElec    .         Harm     .   h - +0 cloak
rCorr    .         Rampage  .   (no gloves)
Will     .....                  (boots unavailable)
Stlth    ++........             (no amulet)
HPRegen  0.10/turn              g - ring of ice
MPRegen  0.00/turn              i - ring of ice

@: flying
A: sickness immunity, fire resistance 2, cold vulnerability 1, float, innate
caster, hp casting, extra vitality 1
a: Renounce Religion, Curse Item


You were on level 4 of the Dungeon.
You worshipped Ashenzari.
Ashenzari was noncommittal.
You visited 1 branch of the dungeon, and saw 4 of its levels.

You collected 95 gold pieces.

Inventory:

Hand Weapons
 a - a +0 dagger (weapon)
Missiles
 k - 4 silver javelins
Armour
 b - a +0 robe (worn)
 c - a +2 hat (worn)
 h - a +0 cloak (worn)
Jewellery
 f - a ring of willpower
 g - a ring of ice (left hand)
 i - a ring of ice (right hand)
Scrolls
 e - a scroll of blinking
 j - a scroll of enchant weapon
 m - 2 scrolls of teleportation
Potions
 d - a potion of brilliance
 l - a potion of curing


   Skills:
 + Level 0.2 Short Blades
 + Level 2.4 Dodging
 + Level 1.8 Stealth
 + Level 1.5 Shields
 + Level 3.6 Spellcasting


You couldn't memorise any spells.
You knew the following spells:

 Your Spells              Type           Power      Damage    Failure   Level
a - Magic Dart            Conj           56%        1d5       4%          1
b - Blink                 Tloc           N/A        N/A       6%          2
c - Call Imp              Summ           14%        N/A       6%          2
d - Slow                  Hex            14%        N/A       6%          2
e - Conjure Flame         Conj/Fire      14%        6-21      12%         3
f - Mephitic Cloud        Conj/Pois/Air  14%        N/A       12%         3
g - Shock                 Conj/Air       56%        1d6       4%          1
Your spell library was empty.

Dungeon Overview and Level Annotations

Branches:
Dungeon (4/15)
 Temple: D:4-7

Altars:
Ashenzari


Innate Abilities, Weirdness & Mutations

You are immune to sickness and miasma.
You are immune to poison.
Your flesh is very heat resistant. (rF++)
You are vulnerable to cold. (rC-)
You float through the air rather than walking.
You learn spells naturally, not from books.
Your magical power is your life essence.
You have superior vitality. (+4 HP)


Message History

A beastly little devil appears in a puff of flame.
The scorpion resists with significant effort.
The scorpion misses you.
Your crimson imp hits the scorpion.
The zap hits the scorpion.
The scorpion is moderately wounded.
The scorpion stings you.
Your crimson imp blinks!
The zap hits the scorpion but does no damage.
The scorpion is moderately wounded.
The scorpion barely misses you. The scorpion closely misses you.
The zap hits the scorpion.
The scorpion is moderately wounded.
The scorpion stings you.
You are too injured to fight recklessly!
You hit the scorpion but do no damage.
The scorpion is moderately wounded.
The scorpion stings you.
* * * LOW HITPOINT WARNING * * *
You hit the scorpion but do no damage.
The scorpion is moderately wounded.
The scorpion stings you.
* * * LOW HITPOINT WARNING * * *
The scorpion closely misses you.
Your crimson imp closely misses the scorpion.
The scorpion closely misses you.
Your crimson imp barely misses the scorpion.
The scorpion closely misses you.
There is a stone staircase leading up here.
The scorpion stings you but does no damage.
Your crimson imp closely misses the scorpion.
You fly upwards.
There is a stone staircase leading down here.
The scorpion barely misses you.
You fly downwards.
Your crimson imp disappears in a puff of smoke!
There is a stone staircase leading up here.
You closely miss the scorpion.
The scorpion is moderately wounded.
The scorpion stings you!
You die...

#$####....
#.........
#..###..#
#..# #.#
#..##.#
#..#.# #.§.#
.######s#.#
.......@##.#
#########
#.# #.# .# .


You could see a scorpion.

Vanquished Creatures
  2 adders
  3 orcs (D:3)
  6 endoplasms
  3 giant cockroaches (D:1)
  4 goblins
  4 hobgoblins (D:1)
  9 kobolds
  A quokka (D:3)
  6 ball pythons
  6 bats
  3 frilled lizards
  5 rats
52 creatures vanquished.

Vanquished Creatures (collateral kills)
  An orc wizard (D:3)
  A worm (D:2)
  An orc (D:3)
3 creatures vanquished.

Grand Total: 55 creatures vanquished

Notes
Turn   | Place    | Note
-------+----------+-------------------------------------------
     0 | D:1      | T3K the Djinni Hedge Wizard began the quest for the Orb.
     0 | D:1      | Reached XP level 1. HP: 15/15 MP: 0/0
   325 | D:1      | Reached XP level 2. HP: 4/21 MP: 0/0
   946 | D:1      | Reached XP level 3. HP: 21/25 MP: 0/0
   946 | D:1      | Learned a level 1 spell: Shock
   959 | D:1      | Reached skill level 3 in Spellcasting
  1127 | D:1      | Found a faded altar of an unknown god.
  1135 | D:1      | Became a worshipper of Ashenzari the Shackled
  2018 | D:2      | Reached skill level 1 in Shields
  2498 | D:2      | Reached XP level 4. HP: 23/31 MP: 0/0
  4666 | D:4      | Noticed a scorpion
  4690 | D:4      | Slain by a scorpion

Illustrated notes

Levels and vault maps discovered:
D:1:      dpeg_arrival_arbitrary_b, layout_loops_ring,
          hellmonk_ecumenical_altar_arch_garden
D:2:      layout_basic
D:3:      layout_loops_ring, serial_forest, infiniplex_forest_lined_corner,
          infiniplex_forest_end_1, infiniplex_forest_lined_3,
          infiniplex_forest_clump_small, infiniplex_forest_clump_long,
          infiniplex_forest_lined_4_way, infiniplex_forest_end_2,
          minmay_fountain_box, hangedman_feature_mirror
D:4:      layout_loops_ring, nicolae_wooded_promenade, st_stairs_9,
          uniq_natasha, uniq_pikel, uniq_duvessa

Skill      XL: |  1  2  3 |
---------------+----------+-----
Spellcasting   | 3 |  3.6
Shields        | 1 |  1.5
Short Blades   | |  0.2
Dodging        | |  2.4
Stealth        | |  1.8

Action                   |  1- 3 |  4- 6 || total
-------------------------+-------+-------++-------
Melee: Dagger            |    19 |    25 ||    44
 Cast: Magic Dart        |    94 |    29 ||   123
       Shock             |     3 |     8 ||    11
       Call Imp          |     2 |     4 ||     6
       Slow              |     1 |     1 ||     2
  Use: Potion            |     1 |     2 ||     3
       Scroll            |     2 |       ||     2
Armor: Robe              |     9 |    19 ||    28
Dodge: Dodged            |    11 |    14 ||    25
Block: Tower shield      |     6 |       ||     6
